 Dungeon Crawl Stone Soup version 0.22-a0-265-g0d8bc90 (webtiles) character file.

1106 tidbits the Insei (level 8, -6/60 HPs)
             Began as a Gnoll Transmuter on Mar 6, 2018.
             Mangled by an orc warrior
             ... wielding a +0 trident
              (21 damage)
             ... on level 7 of the Dungeon.
             The game lasted 00:12:35 (1345 turns).

tidbits the Insei (Gnoll Transmuter)                Turns: 1345, Time: 00:12:36

Health: -6/60      AC:  2    Str: 16    XL:     8   Next: 33%
Magic:  12/16      EV: 24    Int: 22    God:
Gold:   229        SH:  0    Dex: 20    Spells: 12/18 levels left

rFire    . . .     SeeInvis .     - Unarmed
rCold    . . .     Gourm    +   (shield currently unavailable)
rNeg     . . .     Faith    .   (armour currently unavailable)
rPois    x         Spirit   .   (helmet currently unavailable)
rElec    .         Reflect  .   (cloak currently unavailable)
rCorr    .         Harm     .   (gloves currently unavailable)
MR       +....                  (boots currently unavailable)
Stlth    +++.......             d - amulet of the gourmand
HPRegen  0.20/turn              s - ring of protection from magic
MPRegen  0.15/turn              g - +2 ring of strength

@: brilliant, spider-form (expiring), drained
A: tiny, distributed training, strong nose
a: End Transformation


You were on level 7 of the Dungeon.
You were not hungry.
You were a venomous arachnid creature.
You visited 1 branch of the dungeon, and saw 7 of its levels.

You collected 229 gold pieces.

Inventory:

Hand Weapons
 e - a +0 dagger (melded)
 f - a +0 scythe
 j - a +0 rapier
 l - a +0 blowgun
Missiles
 a - 35 arrows
 m - 18 poisoned needles
 n - a throwing net (quivered) {!f}
 v - 21 stones
Armour
 u - a +3 scale mail
 B - a +0 robe (melded)
 E - a +2 helmet (melded)
Jewellery
 d - an amulet of the gourmand (around neck)
   (You found it on level 6 of the Dungeon)
 g - a +2 ring of strength (right front leg)
   (You found it on level 6 of the Dungeon)
 p - an uncursed ring of teleportation
   (You took it off an orc wizard on level 4 of the Dungeon)
 s - a ring of protection from magic (left front leg)
   (You found it on level 7 of the Dungeon)
Wands
 h - a wand of enslavement (16)
Scrolls
 k - 2 scrolls of amnesia
 o - a scroll of teleportation
 q - 4 scrolls of fear
 r - 3 scrolls of remove curse
Potions
 i - a potion of curing
Comestibles
 c - 9 rations


   Skills:
 + Level 4.1(4.0) Fighting
 + Level 3.1(3.0) Short Blades
 + Level 3.1(3.0) Long Blades
 + Level 3.1(3.0) Axes
 + Level 3.1(3.0) Maces & Flails
 + Level 3.1(3.0) Polearms
 + Level 3.1(3.0) Staves
 + Level 3.1(3.0) Slings
 + Level 3.1(3.0) Bows
 + Level 3.1(3.0) Crossbows
 + Level 3.1(3.0) Throwing
 + Level 3.1(3.0) Armour
 + Level 5.6(5.5) Dodging
 + Level 3.1(3.0) Stealth
 + Level 3.1(3.0) Shields
 + Level 7.3(7.2) Unarmed Combat
 + Level 5.9 Spellcasting
 + Level 2.5(2.4) Conjurations
 + Level 2.5(2.4) Hexes
 + Level 2.5(2.4) Charms
 + Level 2.5(2.4) Summonings
 + Level 2.5(2.4) Necromancy
 + Level 2.5(2.4) Translocations
 + Level 4.6(4.5) Transmutations
 + Level 2.5(2.4) Fire Magic
 + Level 2.5(2.4) Ice Magic
 + Level 2.5(2.4) Air Magic
 + Level 2.5(2.4) Earth Magic
 + Level 2.5(2.4) Poison Magic
 + Level 3.4(3.3) Invocations
 + Level 3.1(3.0) Evocations


You had 12 spell levels left.
You knew the following spells:

 Your Spells              Type           Power        Failure   Level  Hunger
e - Beastly Appendage     Tmut           #####.       1%          1    None
k - Sticks to Snakes      Tmut           #####...     1%          2    None
p - Spider Form           Tmut/Pois      #####.....   2%          3    ##.....


Dungeon Overview and Level Annotations

Branches:
Dungeon (7/15)
 Temple: D:4-7

Altars:
Elyvilon
Fedhas
Gozag
Qazlal
Ru
Trog
The Shining One


Innate Abilities, Weirdness & Mutations

Your experience applies equally to all skills.
((You have very sharp teeth.))
Your uncanny sense of smell can sniff out nearby items.


Message History

The orc shouts!
You hear a shout! x4
An orc priest comes into view. It is wielding a short sword.
An orc comes into view. It is wielding a short sword.
An orc comes into view. It is wielding a hand axe.
What are your orders? t - Hiss!
Orders for allies: a - Attack new target. r - Retreat! s - Stop attacking. g - Guard the area. f - Follow me.
Anything else - Cancel.
You hiss for attention!
The orc shouts!
Your transformation is almost over.
Casting: Spider Form (safe; 26% risk of failure)
Confirm with . or Enter, or press ? or * to list all spells.
You create 2 snakes!
You now have 36 arrows.
You bite the orc!
You kill the orc!
You bite the orc!
You kill the orc!
Your transformation has ended.
Your +0 dagger unmelds from your body.
Your +2 helmet unmelds from your body.
Your +0 robe unmelds from your body.
The orc barely misses you.
Things that are here:
a short sword; a flail
Casting: Sticks to Snakes (safe; 3% risk of failure)
Confirm with . or Enter, or press ? or * to list all spells.
You turn into a venomous arachnid creature.
Your +0 dagger melds into your body.
Your +2 helmet melds into your body.
Your +0 robe melds into your body.
The orc closely misses you.
You barely miss the orc. The orc barely misses you.
You bite the orc!
You kill the orc!
Okay, then.
Things that are here:
a hand axe; a scale mail An orc comes into view.
It is wielding a dagger.
The orc priest shouts!
You hear a shout!
You see here 15 gold pieces.
You now have 229 gold pieces (gained 15).
The orc priest invokes the aid of Beogh against you.
Beogh smites you!
An orc comes into view. It is wielding a dagger.
An orc comes into view. It is wielding a flail.
The orc shouts!
The orc throws a poisoned tomahawk.
The poisoned tomahawk completely misses you.
An orc warrior comes into view. It is wielding a trident.
You bite the orc priest!
The orc priest is poisoned.
The orc priest is severely wounded.
Your ball python withers and dies!
Your adder bites the orc.
The orc throws a poisoned tomahawk.
The poisoned tomahawk hits you.
You are poisoned.
The orc priest calls upon Beogh to heal the orc.
The orc's wounds heal themselves!
The orc misses you.
An orc priest comes into view. It is wielding a short sword.
You hit the orc priest.
You kill the orc priest!
You feel sick.
Your adder bites the orc.
The orc hits you with a dagger.
You bite the orc!
You kill the orc!
You feel sick.
It was a potion of brilliance.
You feel clever all of a sudden.
You feel sick.
The orc priest mumbles some strange prayers to Beogh against you.
Beogh smites you!
* * * LOW HITPOINT WARNING * * *
Unknown command.
You feel better.
You bite the orc!
You kill the orc!
You bite the orc!
You kill the orc!
You swap places.
Your transformation is almost over.
The orc warrior completely misses you. The orc priest misses you.
Items here: )) [[ † a flail; a leather armour; a dagger; a leather armour; an orc corpse Unknown command.
You hit the orc priest but do no damage.
The orc priest is poisoned.
The orc warrior closely misses you. The orc priest barely misses you.
You bite the orc priest!
The orc priest looks as sick as possible!
The orc priest is almost dead.
Your adder bites the orc priest.
The orc priest dies!
Your adder looks stronger.
The orc warrior hits you with a trident!!
* * * LOW HITPOINT WARNING * * *
You feel better. The orc warrior completely misses you.
Casting: Spider Form (safe; 2% risk of failure)
Confirm with . or Enter, or press ? or * to list all spells.
You create a snake!
You now have 35 arrows.
Your adder barely misses the orc warrior.
Your adder bites the orc warrior.
The orc warrior is poisoned.
Your adder poisons the orc warrior!
The orc warrior hits you with a trident!!
You die...

.........).#
##............
.........#)##
##...........
........##..##
##..........
.......##....###
#..........
..>...###......##
##.........
.....###........###
##........ ....##
#..........## ...##
#..#.....S...#..##
..##
#...##..((sS.....#
### #....
##..))o...... #
#..... ###.........
... ......
##........ ##... ∆
##....... ..
....... . .......
.......


You could see an orc warrior, a friendly adder and a friendly ball python.

Vanquished Creatures
  A phantom (D:4)
  2 centaurs
  2 bullfrogs
  3 wights (D:4)
  A crimson imp (D:7)
  3 orc wizards (D:4)
  2 orc priests
  A bullfrog skeleton (D:7)
  2 iguanas
  2 worker ants
  7 adders
  2 shadow imps
  An ooze (D:3)
  3 worms
  3 dart slugs
  A leopard gecko (D:4)
  15 orcs
  4 bats
  A giant cockroach (D:3)
  2 goblins
  4 hobgoblins
  2 jackals (D:4)
  A quokka (D:2)
  A kobold (D:3)
  3 quokka zombies
  3 rats
72 creatures vanquished.

Vanquished Creatures (collateral kills)
  Sigmund (D:3)
  A water moccasin zombie (D:7)
  An orc priest (D:7)
  A jackal (D:4)
4 creatures vanquished.

Grand Total: 76 creatures vanquished

Notes
Turn   | Place    | Note
-------+----------+-------------------------------------------
     0 | D:1      | tidbits the Gnoll Transmuter began the quest for the Orb.
     0 | D:1      | Reached XP level 1. HP: 17/17 MP: 6/6
    59 | D:1      | Reached XP level 2. HP: 16/23 MP: 7/7
    65 | D:1      | Learned a level 2 spell: Sticks to Snakes
   326 | D:3      | Reached skill level 5 in Spellcasting
   326 | D:3      | Reached XP level 3. HP: 28/28 MP: 4/9
   345 | D:3      | Learned a level 3 spell: Spider Form
   407 | D:3      | Reached skill level 1 in Invocations
   462 | D:3      | Noticed Sigmund
   479 | D:3      | Killed Sigmund
   479 | D:3      | Reached skill level 3 in Fighting
   479 | D:3      | Reached skill level 1 in Short Blades
   479 | D:3      | Reached skill level 1 in Long Blades
   479 | D:3      | Reached skill level 1 in Axes
   479 | D:3      | Reached skill level 1 in Maces & Flails
   479 | D:3      | Reached skill level 1 in Polearms
   479 | D:3      | Reached skill level 1 in Staves
   479 | D:3      | Reached skill level 1 in Slings
   479 | D:3      | Reached skill level 1 in Bows
   479 | D:3      | Reached skill level 1 in Crossbows
   479 | D:3      | Reached skill level 1 in Throwing
   479 | D:3      | Reached skill level 1 in Armour
   479 | D:3      | Reached skill level 1 in Stealth
   479 | D:3      | Reached skill level 1 in Shields
   479 | D:3      | Reached skill level 1 in Conjurations
   479 | D:3      | Reached skill level 1 in Hexes
   479 | D:3      | Reached skill level 1 in Charms
   479 | D:3      | Reached skill level 1 in Summonings
   479 | D:3      | Reached skill level 1 in Necromancy
   479 | D:3      | Reached skill level 1 in Translocations
   479 | D:3      | Reached skill level 4 in Transmutations
   479 | D:3      | Reached skill level 1 in Fire Magic
   479 | D:3      | Reached skill level 1 in Ice Magic
   479 | D:3      | Reached skill level 1 in Air Magic
   479 | D:3      | Reached skill level 1 in Earth Magic
   479 | D:3      | Reached skill level 1 in Poison Magic
   479 | D:3      | Reached skill level 1 in Evocations
   479 | D:3      | Reached XP level 4. HP: 30/35 MP: 7/11
   479 | D:3      | Reached XP level 5. HP: 35/41 MP: 7/12
   537 | D:5      | Entered Level 5 of the Dungeon
   574 | D:4      | Reached skill level 2 in Invocations
   574 | D:4      | Reached XP level 6. HP: 30/47 MP: 7/13
   654 | D:5      | Reached skill level 2 in Short Blades
   654 | D:5      | Reached skill level 2 in Long Blades
   654 | D:5      | Reached skill level 2 in Axes
   654 | D:5      | Reached skill level 2 in Maces & Flails
   654 | D:5      | Reached skill level 2 in Polearms
   654 | D:5      | Reached skill level 2 in Staves
   654 | D:5      | Reached skill level 2 in Slings
   654 | D:5      | Reached skill level 2 in Bows
   654 | D:5      | Reached skill level 2 in Crossbows
   654 | D:5      | Reached skill level 2 in Throwing
   654 | D:5      | Reached skill level 2 in Armour
   654 | D:5      | Reached skill level 5 in Dodging
   654 | D:5      | Reached skill level 2 in Stealth
   654 | D:5      | Reached skill level 2 in Shields
   654 | D:5      | Reached skill level 2 in Evocations
   742 | D:7      | Reached XP level 7. HP: 24/52 MP: 5/15
   842 | D:6      | Reached skill level 7 in Unarmed Combat
   863 | D:6      | Reached skill level 2 in Conjurations
   863 | D:6      | Reached skill level 2 in Hexes
   863 | D:6      | Reached skill level 2 in Charms
   863 | D:6      | Reached skill level 2 in Summonings
   863 | D:6      | Reached skill level 2 in Necromancy
   863 | D:6      | Reached skill level 2 in Translocations
   863 | D:6      | Reached skill level 2 in Fire Magic
   863 | D:6      | Reached skill level 2 in Ice Magic
   863 | D:6      | Reached skill level 2 in Air Magic
   863 | D:6      | Reached skill level 2 in Earth Magic
   863 | D:6      | Reached skill level 2 in Poison Magic
  1036 | D:4      | Reached skill level 3 in Invocations
  1101 | D:4      | Found a white marble altar of Elyvilon.
  1101 | D:4      | Found an opulent altar of Gozag.
  1102 | D:4      | Found a glowing golden altar of the Shining One.
  1104 | D:4      | Found a blossoming altar of Fedhas.
  1105 | D:4      | Found a stormy altar of Qazlal.
  1149 | D:4      | Reached XP level 8. HP: 36/60 MP: 10/16
  1233 | D:5      | Found a bloodstained altar of Trog.
  1250 | D:6      | Found a sacrificial altar of Ru.
  1279 | D:7      | Reached skill level 4 in Fighting
  1279 | D:7      | Reached skill level 3 in Short Blades
  1279 | D:7      | Reached skill level 3 in Long Blades
  1279 | D:7      | Reached skill level 3 in Axes
  1279 | D:7      | Reached skill level 3 in Maces & Flails
  1279 | D:7      | Reached skill level 3 in Polearms
  1279 | D:7      | Reached skill level 3 in Staves
  1279 | D:7      | Reached skill level 3 in Slings
  1279 | D:7      | Reached skill level 3 in Bows
  1279 | D:7      | Reached skill level 3 in Crossbows
  1279 | D:7      | Reached skill level 3 in Throwing
  1279 | D:7      | Reached skill level 3 in Armour
  1279 | D:7      | Reached skill level 3 in Stealth
  1279 | D:7      | Reached skill level 3 in Shields
  1279 | D:7      | Reached skill level 3 in Evocations
  1345 | D:7      | Mangled by an orc warrior

Vault maps used:
D:1:      lightli_iron_boxes
D:2:      first_ration, nicolae_underground_beach
D:3:      uniq_sigmund
D:4:      minitemple
D:5:      lightli_temple_of_fire, serial_shops, nicolae_shop_stone
D:6:      nicolae_ru_awakened_eye
D:7:      minmay_temple_entry_nine_rooms, the_bakery

Skill      XL: |  1  2  3  4  5  6  7  8 |
---------------+-------------------------+-----
Spellcasting   | 5 |  5.9
Invocations    | 1 2 3 |  3.4
Fighting       | 3 4 |  4.1
Short Blades   | 1 2 3 |  3.1
Long Blades    | 1 2 3 |  3.1
Axes           | 1 2 3 |  3.1
Maces & Flails | 1 2 3 |  3.1
Polearms       | 1 2 3 |  3.1
Staves         | 1 2 3 |  3.1
Slings         | 1 2 3 |  3.1
Bows           | 1 2 3 |  3.1
Crossbows      | 1 2 3 |  3.1
Throwing       | 1 2 3 |  3.1
Armour         | 1 2 3 |  3.1
Stealth        | 1 2 3 |  3.1
Shields        | 1 2 3 |  3.1
Conjurations   | 1 2 |  2.5
Hexes          | 1 2 |  2.5
Charms         | 1 2 |  2.5
Summonings     | 1 2 |  2.5
Necromancy     | 1 2 |  2.5
Translocations | 1 2 |  2.5
Transmutations | 4 |  4.6
Fire Magic     | 1 2 |  2.5
Ice Magic      | 1 2 |  2.5
Air Magic      | 1 2 |  2.5
Earth Magic    | 1 2 |  2.5
Poison Magic   | 1 2 |  2.5
Evocations     | 1 2 3 |  3.1
Dodging        | 5 |  5.6
Unarmed Combat | 7 |  7.3

Action                   |  1- 3 |  4- 6 |  7- 9 || total
-------------------------+-------+-------+-------++-------
Melee: Unarmed           |    62 |    48 |    90 ||   200
       Kick              |    12 |       |       ||    12
       Bite              |     3 |       |     1 ||     4
       Punch             |     1 |       |       ||     1
       Dagger            |       |     3 |    10 ||    13
 Cast: Beastly Appendage |     8 |       |       ||     8
       Sticks to Snakes  |     3 |     4 |     8 ||    15
       Spider Form       |     4 |     6 |    11 ||    21
  Use: Potion            |     2 |       |     4 ||     6
       Scroll            |       |     3 |     5 ||     8
 Stab: Sleeping          |       |     1 |     4 ||     5
       Distracted        |       |       |     1 ||     1
  Eat: Chunk             |       |     1 |     2 ||     3
Armor: Robe              |     9 |     1 |       ||    10
       Skin              |     3 |     2 |     2 ||     7
Dodge: Dodged            |    50 |    37 |   101 ||   188

Table legend:
 A = Spawn XP
 B = Non-spawn XP
 C = Spawn XP percentage of total XP
 D = Spawn monster count
 E = Non-spawn monster count
 F = Spawn count percentage of total count
 G = Total turns spent on level
                    A         B        C        D         E        F      G
               +---------+---------+-------+---------+---------+-------+---------
         Total |       0 |    1581 |   0.0 |       0 |      76 |   0.0 |  1345
               +---------+---------+-------+---------+---------+-------+---------
           D:1 |       0 |      15 |   0.0 |       0 |       6 |   0.0 |   118
           D:2 |       0 |       5 |   0.0 |       0 |       3 |   0.0 |    88
           D:3 |       0 |     247 |   0.0 |       0 |      17 |   0.0 |   302
           D:4 |       0 |     537 |   0.0 |       0 |      23 |   0.0 |   377
           D:5 |       0 |     132 |   0.0 |       0 |       3 |   0.0 |   157
           D:6 |       0 |     234 |   0.0 |       0 |       6 |   0.0 |   184
           D:7 |       0 |     411 |   0.0 |       0 |      18 |   0.0 |   119
               +---------+---------+-------+---------+---------+-------+---------

Table legend:
 A = Turns spent in this place as a percentage of turns spent in the entire game.
 B = Non-inter-level travel turns spent in this place as a percentage of non-inter-level travel turns spent in the entire game.
 C = Inter-level travel turns spent in this place as a percentage of turns spent in this place.
 D = Turns resting spent in this place as a percentage of non-inter-level travel turns spent in this place.
 E = Turns spent auto-exploring this place as a percentage of non-inter-level travel turns spent in this place.
 F = Non-inter-level travel turns spent in this place divided by the number of levels of this place that you've seen.
                   A       B       C       D       E      F
               +-------+-------+-------+-------+-------+----------------------
         Total | 100.0 | 100.0 |   0.0 |   0.0 |   0.0 | 192.1
       Dungeon | 100.0 | 100.0 |   0.0 |   0.0 |   0.0 | 192.1
               +-------+-------+-------+-------+-------+----------------------

Table legend:
 A = Kills in this place as a percentage of kills in entire the game.
 B = Kills by you in this place as a percentage of kills by you in the entire game.
 C = Kills by friends in this place as a percentage of kills by friends in the entire game.
 D = Other kills in this place as a percentage of other kills in the entire game.
 E = Experience gained in this place as a percentage of experience gained in the entire game.
 F = Experience gained in this place divided by the number of levels of this place that you have seen.
                   A       B       C       D       E      F
               +-------+-------+-------+-------+-------+----------------------
         Total | 100.0 | 100.0 | 100.0 |   N/A | 100.0 | 225.9
       Dungeon | 100.0 | 100.0 | 100.0 |   N/A | 100.0 | 225.9
               +-------+-------+-------+-------+-------+----------------------

Vault maps used:
D:1:      lightli_iron_boxes
D:2:      first_ration, nicolae_underground_beach
D:3:      uniq_sigmund
D:4:      minitemple
D:5:      lightli_temple_of_fire, serial_shops, nicolae_shop_stone
D:6:      nicolae_ru_awakened_eye
D:7:      minmay_temple_entry_nine_rooms, the_bakery
